 Dungeon Crawl Stone Soup version 0.20.0-10-g0535bb4 (webtiles) character file.

2958 vonhedlund the Thaumaturge (level 9, -2/61 (62) HPs)
             Began as a Black Draconian Conjurer on June 3, 2017.
             Slain by a wight
             ... wielding a +4 war axe
              (12 damage)
             ... on level 8 of the Dungeon on June 4, 2017.
             The game lasted 00:57:29 (8011 turns).

vonhedlund the Thaumaturge (DrCj)                   Turns: 8011, Time: 00:57:30

HP:   -2/61 (62)    AC:  7    Str: 10    XL:     9   Next: 52%
MP:   12/23         EV: 12    Int: 19    God:
Gold: 407           SH:  0    Dex: 12    Spells: 17/28 levels left

rFire    + + .     SeeInvis .   a - +6 rapier of Slow Death {venom, +Fly rF++ MR-}
rCold    . . .     Gourm    .   (no shield)
rNeg     . . .     Faith    .   (armour unavailable)
rPois    .         Spirit   .   (helmet restricted)
rElec    +         Reflect  .   c - scarf {cloud immunity}
rCorr    .         Harm     .   (no gloves)
MR       .....                  (no boots)
Stlth    ++........             (no amulet)
Regen    0.2/turn               (no ring)
MPRegen  0.2/turn               (no ring)

@: lethally poisoned (-2 -> -9), drained
A: breathe lightning, unfitting armour, electricity resistance, cold-blooded, AC
+7
a: Breathe Lightning, Evoke Flight


You were on level 8 of the Dungeon.
You were not hungry.

You visited 2 branches of the dungeon, and saw 9 of its levels.

You collected 407 gold pieces.

Inventory:

Hand Weapons
 a - the +6 rapier of Slow Death (weapon) {venom, +Fly rF++ MR-}
   (You found it on level 4 of the Dungeon)

   It poisons the flesh of those it strikes.
   It greatly protects you from fire.
   It affects your resistance to hostile enchantments.
   It lets you fly.
 b - a +0 shortbow
 o - a +2 dagger of venom
 y - a +2 dagger of freezing
 M - a +1 blowgun
Missiles
 l - 120 arrows
 p - 53 poisoned needles
 t - 57 bolts
 v - 3 javelins (quivered)
 z - 7 needles of confusion
Armour
 c - a scarf of cloud immunity (worn)
Jewellery
 g - an uncursed ring of protection from fire {unknown}
Wands
 A - a wand of digging (11/24)
 K - a wand of lightning (11/15)
 L - a wand of iceblast (7/15)
Scrolls
 d - 2 scrolls of amnesia
 e - 3 scrolls of enchant armour
 j - a scroll of fear
 k - a scroll of remove curse
 m - 4 scrolls of identify
 n - a scroll of noise
 w - a scroll of enchant weapon
 D - a scroll of teleportation
 I - a scroll of fog
 J - a scroll of recharging {unknown}
Potions
 f - a potion of ambrosia {unknown}
 h - a potion of magic {unknown}
 i - 3 potions of might {unknown}
 s - a potion of resistance {unknown}
 u - 5 potions of curing
 B - a potion of haste {unknown}
 E - a potion of flight {unknown}
 H - 2 potions of degeneration {unknown}
 O - a potion of agility {unknown}
Books
 C - a book of Conjurations

   Spells                             Type                      Level
   a - Magic Dart                     Conjuration                  1
   b - Searing Ray                    Conjuration                  2
   c - Dazzling Spray                 Conjuration/Hexes            3
   d - Fulminant Prism                Conjuration/Hexes            4
   e - Force Lance                    Conjuration/Translocation    4
   f - Iskenderun's Mystic Blast      Conjuration                  4
Comestibles
 q - 4 royal jellies
 r - 4 fruits
 x - 8 meat rations
 G - 9 bread rations


   Skills:
 - Level 1.7(1.6) Dodging
 - Level 1.7(1.6) Stealth
 - Level 10.0(9.9) Spellcasting
 - Level 8.0(7.9) Conjurations
 * Level 3.7(3.6) Translocations


You had 17 spell levels left.
You knew the following spells:

 Your Spells              Type           Power        Failure   Level  Hunger
a - Magic Dart            Conj           ####         1%          1    None
b - Searing Ray           Conj           #####.       1%          2    None
c - Iskenderun's Mystic   Conj           #####...     2%          4    ###....
d - Force Lance           Conj/Tloc      ####....     7%          4    ###....


Dungeon Overview and Level Annotations

Branches:
Dungeon (8/15)             Temple (1/1) D:5
   Lair: D:8-11

Altars:
Ashenzari
Cheibriados
Dithmenos
Elyvilon
Fedhas
Gozag
Hepliaklqana
Kikubaaqudgha
Makhleb
Nemelex Xobeh
Okawaru
Qazlal
Ru
Sif Muna
Trog
Uskayaw
Xom
Yredelemnul
Zin
The Shining One

Annotations:
D:6 George's ghost, novice MiFi


Innate Abilities, Weirdness & Mutations

You can breathe wild blasts of lightning.
Your glossy black scales are hard. (AC +7)
You cannot fit into any form of body armour.
You are resistant to electric shocks. (rElec)
You are cold-blooded and may be slowed by cold attacks.


Message History

You finish channeling your searing ray.
You feel sick. The jackal barely misses you.
Casting: Searing Ray
Confirm with . or Enter, or press ? or * to list all spells.
Aiming: Searing Ray
Press: ? - help, Shift-Dir - straight line, f - wight
Aim: a wight, wielding an enchanted war axe and wearing a robe The searing ray hits the wight.
The wight is moderately damaged. (Press . to maintain the ray.)
You feel sick.
The jackal bites you but does no damage.
The wight hits you with an enchanted war axe!
* * * LOW HITPOINT WARNING * * *
The jackal misses you.
The searing ray hits the wight.
The wight is severely damaged.
You feel sick. The jackal closely misses you.
The wight hits you with an enchanted war axe!
You die...

*,....,***,,,,*
*******,....,,.....,************
,,,,,,,,,...,,,...,,+,,,,,,,,,,*
**********..***...,,**********,*
********#.###.Z.,,* *,*
*,,,,,,,,...##h#+** *,*
*,*#######..##h#,***********,**
*,*#........##h#,**,,,,,,,,*,,,
*,*#.####.#z##@#,**,,,,,,,,****
***,,,,* #.#.[#z#,**,,,,,,,,*
,,*,,,** #......#,**,,,,,,,,****
*,*,*,****#.##...#,**,,,,,,,,*,,,
*,*,,,,,,,#.##...#,**,,,,,,,,*,**
*,***'***,####..รท#,**,,,,,,,,*,*
*,,,,,,,,,,,....[..,+,,,,,,,,,,*
****,,,,,,,..#...#.#*,,,,,,,,*,**
*,,,,,............*,,,,,,,,,*,


You could see a wight, 3 jackals and an adder skeleton.

Vanquished Creatures
  Edmund (D:6)
  A water moccasin (D:5)
  The ghost of newuser the Skirmisher, an amateur OgEE of Zin (D:3)
  2 ogres (D:5)
  An orc warrior (D:6)
  A black bear (D:6)
  A phantom (D:7)
  A sky beast (D:5)
  A necrophage (D:6)
  3 centaurs
  Blork the orc (D:6)
  A big kobold (D:7)
  A gnoll sergeant (D:7)
  2 bullfrogs
  A wyvern skeleton (D:7)
  5 killer bees (D:7)
  3 wights (D:8)
  A bullfrog zombie (D:8)
  A crimson imp (D:6)
  2 howler monkeys
  A quasit (D:5)
  4 orc priests
  A centaur skeleton (D:4)
  4 hounds
  An iguana (D:8)
  3 orc wizards
  5 worker ants
  2 hound zombies (D:6)
  11 adders
  6 gnolls (D:5)
  A howler monkey skeleton (D:7)
  A shadow imp (D:6)
  2 oozes
  2 adder zombies
  2 worms
  10 leopard geckos
  28 orcs
  3 ball pythons
  8 giant cockroaches
  12 goblins
  15 hobgoblins
  13 jackals
  15 kobolds
  2 quokkas
  8 bats
  3 frilled lizards
  A leopard gecko skeleton (D:4)
  A quokka skeleton (D:5)
  2 rats
198 creatures vanquished.

Notes
Turn   | Place    | Note
-------+----------+-------------------------------------------
     0 | D:1      | vonhedlund the Draconian Conjurer began the quest for the Orb.
     0 | D:1      | Reached XP level 1. HP: 14/14 MP: 3/3
   140 | D:1      | Reached XP level 2. HP: 9/20 MP: 0/5
   274 | D:1      | Reached skill level 3 in Spellcasting
   929 | D:1      | Reached XP level 3. HP: 26/26 MP: 4/7
   981 | D:2      | Found a hide-covered altar of Uskayaw.
  1059 | D:2      | Found a sacrificial altar of Ru.
  1262 | D:2      | Found an opulent altar of Gozag.
  1262 | D:2      | Found a snail-covered altar of Cheibriados.
  1379 | D:2      | Learned a level 2 spell: Searing Ray
  1387 | D:2      | Reached skill level 4 in Spellcasting
  1488 | D:2      | Reached XP level 4. HP: 25/33 MP: 8/10
  1628 | D:3      | Found a blossoming altar of Fedhas.
  1657 | D:3      | Noticed newuser's ghost (amateur OgEE)
  1848 | D:3      | Found a faded altar of an unknown god.
  2396 | D:4      | Reached skill level 5 in Spellcasting
  2396 | D:4      | Reached XP level 5. HP: 38/38 MP: 2/12
  2610 | D:4      | Got a steaming rapier
  2623 | D:4      | Reached skill level 5 in Conjurations
  2641 | D:4      | Identified the +6 rapier of Slow Death {venom, +Fly rF++ MR-} (You found it on level 4 of the Dungeon)
  2720 | D:3      | Reached XP level 6. HP: 42/45 MP: 9/13
  2878 | D:3      | Killed newuser's ghost
  3170 | D:3      | Learned a level 4 spell: Iskenderun's Mystic Blast
  3297 | D:5      | Entered Level 5 of the Dungeon
  3340 | D:5      | Noticed a sky beast
  3549 | D:5      | Your scales start taking on a glossy black colour.
  3549 | D:5      | Reached XP level 7. HP: 20/50 MP: 6/14
  3549 | D:5      | Gained mutation: You are resistant to electric shocks. (rElec) [Black Draconian growth]
  3762 | D:5      | Found a burning altar of Makhleb.
  4143 | D:5      | Found a staircase to the Ecumenical Temple.
  4152 | Temple   | Entered the Ecumenical Temple
  4453 | D:5      | Reached skill level 6 in Spellcasting
  4538 | D:5      | Reached skill level 7 in Spellcasting
  4538 | D:5      | Reached XP level 8. HP: 51/57 MP: 10/18
  5053 | D:6      | Reached skill level 8 in Spellcasting
  5064 | D:6      | Noticed George's ghost (novice MiFi)
  5172 | D:6      | Noticed Blork the orc
  5181 | D:6      | Killed Blork the orc
  5298 | D:6      | Noticed Edmund
  5323 | D:6      | Killed Edmund
  5438 | D:6      | Found an iron altar of Okawaru.
  5450 | D:6      | Reached skill level 9 in Spellcasting
  5979 | D:6      | Reached XP level 9. HP: 47/61 MP: 13/22
  6530 | D:7      | Reached skill level 10 in Spellcasting
  6538 | D:7      | Learned a level 4 spell: Force Lance
  7287 | D:7      | Reached skill level 1 in Translocations
  7642 | D:8      | Noticed a two-headed ogre
  8011 | D:8      | Slain by a wight

Skill      XL: |  1  2  3  4  5  6  7  8  9 |
---------------+----------------------------+-----
Spellcasting   | 3 4 5 7 9 10 | 10.0
Conjurations   | 5 6 7 8 |  8.0
Translocations | 3 |  3.7
Dodging        | |  1.7
Stealth        | |  1.7

Action                   |  1- 3 |  4- 6 |  7- 9 || total
-------------------------+-------+-------+-------++-------
Melee: Spear             |    15 |       |       ||    15
       Short sword       |    93 |    90 |       ||   183
       Tailslap          |     7 |    14 |    15 ||    36
       Rapier            |       |    50 |   206 ||   256
 Fire: Shortbow          |       |       |     4 ||     4
Throw: Javelin           |       |       |     2 ||     2
 Cast: Magic Dart        |    53 |    33 |    52 ||   138
       Searing Ray       |       |    16 |    19 ||    35
       Iskenderun's Myst |       |       |    29 ||    29
  Use: Potion            |     1 |     2 |       ||     3
       Scroll            |       |     1 |     9 ||    10
 Stab: Sleeping          |       |       |     4 ||     4
  Eat: Chunk             |     2 |     7 |    13 ||    22
       Fruit             |       |       |     5 ||     5
Armor: Skin              |    51 |    74 |    72 ||   197
Dodge: Dodged            |   116 |   110 |   172 ||   398
